 Dungeon Crawl Stone Soup version 0.23-a0-644-gb60d84b (webtiles) character file.

698 Borgoz the Chopper (level 7, -19/91 HPs)
             Began as a Hill Orc Abyssal Knight on Jan 1, 2019.
             Was a Believer of Lugonu.
             Demolished by an ogre
             ... wielding a +0 giant club
              (21 damage)
             ... on level 5 of the Dungeon.
             The game lasted 00:05:53 (4435 turns).

Borgoz the Chopper (Hill Orc Abyssal Knight)        Turns: 4435, Time: 00:05:54

Health: -19/91     AC:  6    Str: 20    XL:     7   Next: 65%
Magic:  9/9        EV: 11    Int: 12    God:    Lugonu [**....]
Gold:   293        SH:  0    Dex: 12    Spells: 6/6 levels left

rFire    . . .     SeeInvis .   r - +0 war axe
rCold    . . .     Gourm    .   (no shield)
rNeg     . . .     Faith    .   j - +0 ring mail
rPois    .         Spirit   .   (no helmet)
rElec    .         Reflect  .   (no cloak)
rCorr    .         Harm     .   (no gloves)
MR       .....                  (no boots)
Stlth    ..........             f - amulet of rage
HPRegen  0.25/turn              (no ring)
MPRegen  0.11/turn              (no ring)

@: berserking, very quick
A: no striking features
a: Depart the Abyss, Bend Space, Renounce Religion, Evoke Berserk Rage


You were on level 5 of the Dungeon.
You worshipped Lugonu.
Lugonu was pleased with you.
You were very hungry.

You visited 2 branches of the dungeon, and saw 6 of its levels.
You visited the Abyss 1 time.

You collected 293 gold pieces.

Inventory:

Hand Weapons
 r - a +0 war axe (weapon)
Armour
 j - a +0 ring mail (worn)
Jewellery
 f - an amulet of rage (around neck)
Wands
 t - a wand of random effects (13)
Scrolls
 d - 5 scrolls of teleportation {unknown}
 k - 4 scrolls of identify {unknown}
 l - 2 scrolls of remove curse {unknown}
 o - a scroll of blinking {unknown}
 p - a scroll of magic mapping {unknown}
 q - 2 scrolls of immolation {unknown}
 s - a scroll of amnesia {unknown}
 v - a scroll of fog {unknown}
Potions
 a - a potion of lignification {unknown}
 b - a potion of invisibility {unknown}
 e - a potion of haste {unknown}
 g - a potion of agility {unknown}
 h - 4 potions of curing {unknown}
 i - a potion of magic {unknown}
 m - a potion of heal wounds {unknown}
 n - a potion of mutation {unknown}
Comestibles
 c - 9 rations


   Skills:
 + Level 5.6 Fighting
 + Level 7.7 Axes
 + Level 4.4 Armour
 + Level 1.8 Dodging
 + Level 2.8 Invocations
 + Level 1.3 Evocations


You had 6 spell levels left.
You didn't know any spells.
Your spell library contained the following spells:

 Spells                   Type           Power        Failure   Level  Hunger
 Animate Skeleton         Necr           N/A          47%         1    ##.....
 Apportation              Tloc           #.....       47%         1    ##.....
 Confusing Touch          Hex            #.....       47%         1    ##.....
 Summon Small Mammal      Summ           #...         47%         1    ##.....


Dungeon Overview and Level Annotations

Branches:
Dungeon (5/15)             Temple (1/1) D:5

Altars:
Ashenzari
Cheibriados
Dithmenos
Elyvilon
Gozag
Hepliaklqana
Kikubaaqudgha
Makhleb
Nemelex Xobeh
Okawaru
Ru
Trog
Uskayaw
Vehumet
Wu Jian
Xom
Yredelemnul
Zin
The Shining One

Annotations:
D:3 2 transporters, Lanoc's ghost, amateur HOMo


Message History

You barely miss the ogre. You closely miss the worker ant.
The worker ant bites you but does no damage.
You slash the ogre!
The ogre is moderately wounded.
You hit the worker ant.
The worker ant bites you but does no damage.
The ogre hits you with a +0 giant club!
* * * LOW HITPOINT WARNING * * *
You barely miss the ogre.
The ogre is moderately wounded.
You barely miss the worker ant. You slash the worker ant!
The worker ant barely misses you. The worker ant misses you.
You slash the ogre!
The ogre is severely wounded.
You slash the worker ant!
You kill the worker ant!
Lugonu accepts your kill.
You barely miss the worker ant.
The ogre hits you with a +0 giant club!!
You die...

#.##.....## ?
#.#.....##
#.#.#........#####
#...............##
#...#..#.#.#.#.#...
##.###...........#
#. ##.#.......#.# #
#.......a....#
#..#..O@...#.#
#............#
....#.......#..#
###..............
....#.#.#.#.#.##
###...........#
#..##.....### #.#
#.....#


You could see an ogre and a worker ant.

Vanquished Creatures
  An ice beast (D:4)
  An orc warrior (D:4)
  An ogre (D:4)
  A bullfrog (D:3)
  A bullfrog zombie (D:5)
  A hound (D:4)
  An orc priest (D:4)
  An orc wizard (D:4)
  3 worker ants
  7 adders
  A howler monkey skeleton (D:4)
  3 oozes
  A worm (D:1)
  3 dart slugs
  4 leopard geckos
  4 orcs (D:4)
  4 bats
  4 giant cockroaches
  5 hobgoblins
  6 jackals
  2 quokkas
  A ball python (D:1)
  6 frilled lizards
  7 goblins
  9 kobolds
  4 rats
82 creatures vanquished.

Vanquished Creatures (others)
  5 dream sheep (D:4)
5 creatures vanquished.

Grand Total: 87 creatures vanquished

Notes
Turn   | Place    | Note
-------+----------+-------------------------------------------
     0 | Abyss:1  | Borgoz the Hill Orc Abyssal Knight began the quest for the
                  | Orb.
     0 | Abyss:1  | Reached XP level 1. HP: 19/19 MP: 2/2
     0 | Abyss:1  | Found a corrupted altar of Lugonu.
    53 | Abyss:1  | Noticed a small abomination
    58 | D:1      | Escaped the Abyss
    86 | D:1      | Reached XP level 2. HP: 17/27 MP: 3/3
   235 | D:1      | Reached * piety under Lugonu
   303 | D:1      | Reached skill level 3 in Axes
   786 | D:1      | Reached XP level 3. HP: 23/33 MP: 5/5
  1609 | D:2      | Reached skill level 4 in Axes
  1609 | D:2      | Reached XP level 4. HP: 32/41 MP: 6/6
  1773 | D:2      | Found an ancient bone altar of Kikubaaqudgha.
  2094 | D:3      | Found a glowing silver altar of Zin.
  2101 | D:3      | Found a transporter.
  2116 | D:3      | Noticed a bullfrog
  2129 | D:3      | Killed a bullfrog
  2129 | D:3      | Reached ** piety under Lugonu
  2129 | D:3      | Reached skill level 1 in Dodging
  2129 | D:3      | Reached XP level 5. HP: 47/47 MP: 7/7
  2467 | D:3      | Reached skill level 5 in Axes
  2550 | D:3      | Noticed Lanoc's ghost (amateur HOMo)
  2551 | D:3      | Noticed an ogre
  2552 | D:3      | Identified the cursed +0 great mace "Fuagycelo" {elec,
                  | *Drain rN+ Int+2}
  2552 | D:3      | Noticed an ogre
  2559 | D:3      | Found a transporter.
  2813 | D:4      | Noticed an orc warrior
  2826 | D:4      | Killed an orc warrior
  2826 | D:4      | Reached skill level 5 in Fighting
  2826 | D:4      | Reached XP level 6. HP: 36/56 MP: 8/8
  3105 | D:4      | Reached skill level 6 in Axes
  3306 | D:4      | Noticed an ice beast
  3318 | D:4      | Killed an ice beast
  3318 | D:4      | Reached skill level 1 in Evocations
  3520 | D:4      | Found an ornate altar of the Wu Jian Council.
  3522 | D:4      | Found a radiant altar of Vehumet.
  3604 | D:4      | Found a shimmering altar of Xom.
  3604 | D:4      | Noticed a dream sheep
  3604 | D:4      | Noticed a dream sheep
  3604 | D:4      | Noticed a dream sheep
  3604 | D:4      | Noticed a dream sheep
  3604 | D:4      | Noticed a dream sheep
  3609 | D:4      | Killed a dream sheep
  3609 | D:4      | Killed a dream sheep
  3611 | D:4      | Killed a dream sheep
  3611 | D:4      | Killed a dream sheep
  3611 | D:4      | Killed a dream sheep
  3624 | D:4      | Reached XP level 7. HP: 61/61 MP: 9/9
  3768 | D:4      | Reached skill level 7 in Axes
  4108 | D:5      | Entered Level 5 of the Dungeon
  4191 | D:5      | Found a staircase to the Ecumenical Temple.
  4203 | Temple   | Entered the Ecumenical Temple
  4433 | D:5      | HP: 1/91 [ogre/+0 giant club (14)]
  4435 | D:5      | Demolished by an ogre

Vault maps used:
D:1:      evilmike_arrival_run_for_it
D:2:      lemuel_doored_altar, minmay_misc_feat_four_crosses
D:3:      zin_academy, first_ration, gammafunk_ghost_smash
D:4:      chequers_temple_overflow_statue_of_worship, kb_xom_exploding_sheep
D:5:      minmay_temple_entry_glass, uniq_eustachio
Temple:   regret_index_temple_generic_petals

Skill      XL: |  1  2  3  4  5  6  7 |
---------------+----------------------+-----
Fighting       | 4 5 |  5.6
Axes           | 3 4 5 6 7 |  7.7
Armour         | 3 4 |  4.4
Dodging        | 1 |  1.8
Evocations     | 1 |  1.3
Invocations    | |  2.8

Action                   |  1- 3 |  4- 6 |  7- 9 || total
-------------------------+-------+-------+-------++-------
Melee: Hand axe          |   119 |    79 |       ||   198
       War axe           |       |    47 |    54 ||   101
Invok: Depart the Abyss  |     1 |       |       ||     1
 Abil: Evoke Berserk Rag |       |     4 |     1 ||     5
 Stab: Sleeping          |     1 |       |       ||     1
  Eat: Chunk             |     2 |     9 |     4 ||    15
Armor: Leather armour    |    19 |       |       ||    19
       Ring mail         |    10 |    51 |    19 ||    80
Dodge: Dodged            |    82 |    62 |    39 ||   183

Table legend:
 A = Non-vault XP
 B = Vault XP
 C = Vault XP percentage of total XP
 D = Non-vault monster count
 E = Vault monster count
 F = Vault count percentage of total count
                 A         B        C        D         E       F
            +---------+---------+-------+---------+---------+-------
      Total |     993 |       5 |   0.5 |      81 |       1 |   1.2
            +---------+---------+-------+---------+---------+-------
        D:1 |      50 |       5 |   9.1 |      20 |       1 |   4.8
        D:2 |      39 |       0 |   0.0 |      16 |       0 |   0.0
        D:3 |     140 |       0 |   0.0 |      16 |       0 |   0.0
        D:4 |     621 |       0 |   0.0 |      22 |       0 |   0.0
        D:5 |     143 |       0 |   0.0 |       7 |       0 |   0.0
            +---------+---------+-------+---------+---------+-------
